 Dungeon Crawl Stone Soup version 0.17-a0-2122-g03d97ec (webtiles) character file.

529 4thArraOfDagon the Shield-Bearer (level 7, -1/55 HPs)
             Began as a Formicid Fighter on Oct 21, 2015.
             Was an Initiate of Cheibriados.
             Slain by an ogre
             ... wielding a +0 giant spiked club
              (21 damage)
             ... on level 5 of the Dungeon.
             The game lasted 00:06:03 (1040 turns).

4thArraOfDagon the Shield-Bearer (Formicid Fighter) Turns: 1040, Time: 00:06:03

Health: -1/55      AC:  9    Str: 22    XL:     7   Next: 48%
Magic:  7/7        EV:  6    Int: 10    God:    Cheibriados [......]
Gold:   87         SH: 10    Dex: 11    Spells: 0 memorised, 6 levels left

rFire  . . .     SeeInvis +     d - +0 halberd (curse)
rCold  . . .     Clarity  .     f - +0 chain mail
rNeg   . . .     SustAt   .     c - +0 shield
rPois  .         Gourm    .     (helmet unavailable)
rElec  .         Spirit   .     (no cloak)
rCorr  .         Warding  .     (no gloves)
rMut   .         Stasis   +     (no boots)
MR     .....                    (no amulet)
Stlth  ..........               (no ring)
                                k - ring of wizardry

@: very slow, not resistant to hostile enchantments, extremely unstealthy
A: permanent stasis, dig shafts and tunnels, four strong arms, antennae 3
a: Dig, Shaft Self, Bend Time, Renounce Religion


You were on level 5 of the Dungeon.
You worshipped Cheibriados.
Cheibriados was noncommittal.
You were not hungry.

You visited 2 branches of the dungeon, and saw 11 of its levels.

You collected 87 gold pieces.

Inventory:

Hand Weapons
 a - a +0 trident
 d - a cursed +0 halberd (weapon)
 g - a cursed +1 battleaxe of freezing
Missiles
 o - 5 javelins (quivered)
Armour
 c - a +0 shield (worn)
 f - a +0 chain mail (worn)
Jewellery
 b - an uncursed ring of wizardry
 k - a ring of wizardry (left hand)
Wands
 h - a wand of polymorph (15)
Scrolls
 i - a scroll of teleportation
Potions
 n - a potion of invisibility {unknown}
 p - a potion of haste {unknown}
Books
 j - a book of Alchemy

   Spells                             Type                      Level
   a - Sublimation of Blood           Necromancy                   2
   b - Ignite Poison                  Fire/Transmutation/Poison    3
   c - Alistair's Intoxication        Transmutation/Poison         4
   d - Condensation Shield            Ice                          4
   e - Petrify                        Transmutation/Earth          4
   f - Irradiate                      Conjuration/Transmutation    5
Comestibles
 e - 3 bread rations
 m - a meat ration


   Skills:
 + Level 4.7 Fighting
 * Level 2.6(3.8) Axes
 - Level 4.2(4.6) Polearms
 + Level 4.7 Armour
 + Level 5.5 Shields


You had 6 spell levels left.
You didn't know any spells.

Dungeon Overview and Level Annotations

Branches:
Dungeon (10/15)            Temple (1/1) D:7
   Lair: D:8-11         Orc: D:9-12

Altars:
Cheibriados
Dithmenos
Elyvilon
Fedhas
Okawaru
Ru
Sif Muna
Xom

Annotations:
D:9 Psyche


Innate Abilities, Weirdness & Mutations

You are under a permanent stasis effect.
You can dig through walls and to a lower floor.
Your four strong arms can wield two-handed weapons with a shield.
You have a pair of large antennae on your head (SInv).


Message History

Aim: an ogre, wielding a giant spiked club (heavily wounded)
You throw a javelin. The javelin hits the ogre.
The ogre is heavily wounded.
You barely miss the ogre.
The ogre is heavily wounded.
You block the ogre's attack.
You completely miss the ogre.
The ogre is heavily wounded.
The ogre hits you with a giant spiked club!!
You closely miss the ogre.
The ogre is heavily wounded.
The ogre hits you but does no damage.
Your chain mail prevents you from hitting the ogre.
The ogre is heavily wounded.
The ogre hits you with a giant spiked club!
Unknown command.
You puncture the ogre!
The ogre is almost dead.
The ogre hits you with a giant spiked club!!
You die...

#...# ##.##
# #.# .# #.#
.# #.#
####.# #.#
##....#
#.###.....#
#.##..'...#
#.#..#@#..#
#...##O##..#
#..##.8(
#.)#
#..##....(
#.#
#.##...+...
#.# #. ...#
#... .#
#.+8.# #.8+
# #.#.# #.#


You could see an ogre.

Vanquished Creatures
  Menkaure (D:5)
  A centaur (D:6)
  3 wights (D:9)
  A crimson imp (D:9)
  A hound (D:4)
  A jelly (D:8)
  An iguana (D:8)
  A worker ant (D:8)
  A hound skeleton (D:8)
  3 adders
  A shadow imp (D:5)
  A worm (D:5)
  3 orcs
  2 goblins
  A kobold (D:1)
  A quokka (D:8)
23 creatures vanquished.

Notes
Turn   | Place    | Note
--------------------------------------------------------------
     0 | D:1      | 4thArraOfDagon the Formicid Fighter began the quest for the Orb.
     0 | D:1      | Reached XP level 1. HP: 18/18 MP: 1/1
    15 | D:1      | You fall through a shaft!
    31 | D:3      | You fall through a shaft!
    48 | D:4      | Reached XP level 2. HP: 16/24 MP: 2/2
   137 | D:4      | ah im not naga
   138 | D:4      | Noticed an orc wizard
   186 | D:4      | Noticed a hound
   200 | D:4      | Killed a hound
   200 | D:4      | Reached skill level 4 in Shields
   200 | D:4      | Reached XP level 3. HP: 21/29 MP: 3/3
   230 | D:3      | Found a shadowy altar of Dithmenos.
   234 | D:3      | You fall through a shaft for 2 floors!
   234 | D:5      | Entered Level 5 of the Dungeon
   234 | D:5      | Found a sacrificial altar of Ru.
   234 | D:5      | Noticed a scorpion
   237 | D:5      | You fall through a shaft for 3 floors!
   237 | D:8      | Noticed an orc warrior
   243 | D:8      | You fall through a shaft for 2 floors!
   243 | D:10     | Entered Level 10 of the Dungeon
   274 | D:10     | Noticed a deep elf mage
   380 | D:9      | Reached XP level 4. HP: 17/37 MP: 4/4
   390 | D:9      | Noticed a warg
   390 | D:9      | Noticed a warg
   421 | D:8      | Noticed a scorpion
   465 | D:8      | Found a sacrificial altar of Ru.
   466 | D:8      | Found a blossoming altar of Fedhas.
   471 | D:8      | Reached XP level 5. HP: 24/42 MP: 5/5
   531 | D:9      | Reached XP level 6. HP: 27/48 MP: 6/6
   619 | D:9      | Noticed Psyche
   698 | D:8      | Reached skill level 5 in Shields
   705 | D:8      | Reached skill level 1 in Axes
   719 | D:8      | Found a shimmering altar of Xom.
   790 | D:7      | Found a staircase to the Ecumenical Temple.
   796 | Temple   | Entered the Ecumenical Temple
   813 | Temple   | Became a worshipper of Cheibriados the Contemplative
   959 | D:6      | Reached XP level 7. HP: 35/55 MP: 7/7
  1024 | D:5      | Noticed Menkaure
  1026 | D:5      | Killed Menkaure
  1033 | D:5      | Noticed an ogre
  1040 | D:5      | Slain by an ogre

Vault maps used:
D:1:      erik_arrival_gehennom
D:2:      lightli_temple_of_fire
D:3:      grunt_dithmenos_smoke, ecumenical_altar_2, fedhas_altar_1, uniq_robin
D:4:      serial_shops, nicolae_shop_stone, uniq_natasha
D:5:      kennysheep_mini_moat, basic_altar, serial_curves, eino_curves_02,
          eino_curves_03, eino_curves_02, eino_curves_03, first_bread,
          grunt_decor_arrowhead, uniq_pikel, uniq_menkaure
D:6:      lightli_sewer_entry_pipes, serial_shops, shop, minmay_misc_feat_iff,
          uniq_crazy_yiuf_cottage, uniq_grinder
D:7:      old_standard_altar, temple_green, serial_co_window_serial,
          co_window_corner_a, co_window_corner_a, co_window_corner_a,
          co_window_corner_a, co_window_paths_a, co_window_corner_b,
          co_window_2corner, co_window_broadway_c, co_window_4corner_b,
          co_window_sun, glass_columns_b, glass_columns_b
D:8:      kennysheep_seaside_town, nicolae_overflow_hidden_temple,
          lemuel_crystal_altar
D:9:      lemuel_castle_with_subvaults, lair_0_dummy, uniq_psyche
D:10:     minmay_quarter_circles
Temple:   oiseaux_autumnal_temple_12

Action                   |  1- 3 |  4- 6 |  7- 9 || total
-------------------------+-------+-------+-------++-------
Melee: Trident           |    94 |     6 |       ||   100
       Halberd           |       |    59 |    17 ||    76
Throw: Javelin           |       |       |     2 ||     2
 Abil: Shaft Self        |     5 |       |       ||     5
       Dig               |     1 |     7 |     2 ||    10
  Use: Scroll            |       |     3 |     1 ||     4
       Potion            |       |     1 |       ||     1
  Eat: Chunk             |       |     3 |     1 ||     4
